 Dungeon Crawl Stone Soup version 0.18-a0-1745-gffa9a88 (webtiles) character file.

19 dohliylev the Sneak (level 2, 0/19 HPs)
             Began as a Vampire Enchanter on Apr 11, 2016.
             Succumbed to an adder's poison
             ... on level 2 of the Dungeon.
             The game lasted 00:02:16 (818 turns).

dohliylev the Sneak (Vampire Enchanter)              Turns: 818, Time: 00:02:17

Health: 0/19       AC:  3    Str:  7    XL:     2   Next: 55%
Magic:  2/5        EV: 12    Int: 17    God:
Gold:   39         SH:  0    Dex: 14    Spells: 2 memorised, 2 levels left

rFire  . . .     SeeInvis +     a - +1 dagger
rCold  . . .     Gourm    .     b - +1 robe
rNeg   + . .     Faith    .     (no shield)
rPois  .         Spirit   .     (no helmet)
rElec  .         Dismiss  .     (no cloak)
rCorr  .         Reflect  .     (no gloves)
SustAt .         Harm     .     (no boots)
MR     .....                    (no amulet)
Stlth  +++.......               (no ring)
                                (no ring)

@: lethally poisoned (0 -> -5), very slightly contaminated, not resistant to
hostile enchantments, fairly stealthy
A: fangs 3, see invisible, unbreathing
a: no special abilities


You were on level 2 of the Dungeon.
You were not thirsty.

You visited 1 branch of the dungeon, and saw 2 of its levels.

You collected 39 gold pieces.

Inventory:

Hand Weapons
 a - a +1 dagger (weapon)
Missiles
 g - 8 tomahawks (quivered)
Armour
 b - a +1 robe (worn)
Scrolls
 i - a scroll of magic mapping {unknown}
 j - a scroll of fear {unknown}
 k - 2 scrolls of identify {unknown}
 l - a scroll of teleportation {unknown}
Potions
 d - 8 potions of blood
 e - a potion of flight {unknown}
 f - a potion of curing {unknown}
 h - a potion of heal wounds {unknown}
 m - a potion of might {unknown}
 n - a potion of haste {unknown}
Books
 c - a book of Maledictions

   Spells                             Type                      Level
   a - Corona                         Hexes                        1
   b - Ensorcelled Hibernation        Hexes/Ice                    2
   c - Confuse                        Hexes                        3
   d - Tukima's Dance                 Hexes                        3
   e - Dazzling Spray                 Conjuration/Hexes            3


   Skills:
 - Level 1.1 Short Blades
 - Level 2.1 Dodging
 * Level 5.5 Stealth
 + Level 2.3 Spellcasting
 - Level 4.4 Hexes


You had 2 spell levels left.
You knew the following spells:

 Your Spells              Type           Power        Failure   Level  Hunger
a - Corona                Hex            ###....      3%          1    #......
b - Ensorcelled Hibernat  Hex/Ice        #.....       14%         2    ###....


Dungeon Overview and Level Annotations

Branches:
Dungeon (2/15)

Altars:


Innate Abilities, Weirdness & Mutations

You have razor-sharp teeth.
You have supernaturally acute eyesight.
You can survive without breathing.


Message History

You hit the adder.
The adder is heavily wounded.
The adder bites you.
You closely miss the adder.
The adder is heavily wounded.
You feel sick. The adder bites you.
You miss the adder.
The adder is heavily wounded.
The adder bites you.
* * * LOW HITPOINT WARNING * * *
You barely miss the adder. Your bite misses the adder.
The adder is heavily wounded.
The adder closely misses you.
You hit the adder. You bite the adder.
The adder is severely wounded.
The adder barely misses you. The adder bites you.
* * * LOW HITPOINT WARNING * * *
You miss the adder.
The adder is severely wounded.
You die...

.#. ...######
#..#l.!.###
#.##..P..l#
#.#.P...l#
#.#P.P.Pl#
#.#######.#..#####
#.....@Sl..........
#########.....#.##.
#........# #
#####.#..#
#.....#...
#.......#
########.####..<.
#........# ....
#.######## .#


You could see an adder and a giant newt.

Vanquished Creatures
  An ooze (D:1)
  A giant gecko (D:1)
  A giant cockroach (D:1)
  2 hobgoblins (D:1)
  3 bats
  6 giant newts
  2 goblins (D:1)
16 creatures vanquished.

Notes
Turn   | Place    | Note
--------------------------------------------------------------
     0 | D:1      | dohliylev the Vampire Enchanter began the quest for the Orb.
     0 | D:1      | Reached XP level 1. HP: 13/13 MP: 3/3
   253 | D:1      | Reached skill level 5 in Stealth
   253 | D:1      | Reached XP level 2. HP: 19/19 MP: 5/5
   710 | D:2      | Learned a level 2 spell: Ensorcelled Hibernation
   818 | D:2      | Succumbed to an adder's poison

Vault maps used:
D:1:      ncdulo_wetmaze
D:2:      wad_river_or_something, minitemple, minmay_lizard_king

Skill      XL: |  1 |
---------------+----+-----
Stealth        | 5 |  5.5
Short Blades   | |  1.1
Dodging        | |  2.1
Spellcasting   | |  2.3
Hexes          | |  4.4

Action                   || total
-------------------------++-------
Melee: Dagger            ||    37
Throw: Tomahawk          ||     1
 Cast: Ensorcelled Hiber ||     4
 Stab: Sleeping          ||    10
